 Dungeon Crawl Stone Soup version 0.30-b1-2-g02819fbbbe (webtiles) character file.

Game seed: 17016263347524692143

1856859 Flugkiller the Bringer of Law (level 27, 137/193 HPs)
             Began as a Gargoyle Fighter on May 14, 2023.
             Was the Champion of Zin.
             Escaped with the Orb
             ... and 3 runes!
             The game lasted 02:39:46 (62264 turns).

Flugkiller the Bringer of Law (Gargoyle Fighter)   Turns: 62264, Time: 02:39:46

Health: 137/193    AC: 67    Str: 31    XL:     27
Magic:  40/40      EV:  7    Int: 16    God:    Zin [******]
Gold:   2883       SH: 21    Dex: 13    Spells: 26/26 levels left

rFire   + + +        a - +9 broad axe (holy)
rCold   + . .        o - +0 tower shield
rNeg    + . .        G - +4 gold dragon scales
rPois   ∞            E - +2 helmet {SInv}
rElec   +            r - +1 cloak of Polish {rF+ Int+6 Stlth-}
rCorr   .            U - +2 pair of gloves
SInv    +            O - +2 pair of boots {Stlth+}
Will    +++..        M - amulet of regeneration Stlth
                     g - ring "Hagotzujat" {AC+4 Str-2 Slay+5}
HPRegen 1.32/turn    Z - ring "Ceed" {rPois Will+ Dex+4}
MPRegen 0.27/turn

%: no passive effects
@: flying
A: sickness immunity, AC +20, big wings, negative energy resistance 1,
electricity resistance, torment resistance 1, petrification resistance, fangs 1,
fire resistance 1, passive freeze, screaming 1, sturdy frame 1
0: Orb of Zot
}: 3/15 runes: iron, abyssal, gossamer
a: Renounce Religion, Recite, Vitalisation, Imprison, Sanctuary, Donate Gold


You escaped.
You worshipped Zin.
Zin was exalted by your worship.
You visited 10 branches of the dungeon, and saw 47 of its levels.
You visited the Abyss 6 times.
You visited 1 ziggurat, and saw 10 of its levels.
You also visited: Ossuary, Bailey, Gauntlet and Wizlab.

You collected 6032 gold pieces.
You spent 2778 gold pieces at shops.
You donated 371 gold pieces to Zin.

Inventory:

Hand Weapons
 a - a +9 broad axe of holy wrath (weapon)
   (You took it off a vault guard in a bailey)
 b - a +0 hand axe of distortion
   (You took it off an orc on level 1 of the Orcish Mines)
Missiles
 e - a throwing net
 f - 2 javelins
 I - 19 boomerangs (quivered)
 L - 6 silver javelins
 T - 5 curare-tipped darts
Armour
 o - a +0 tower shield (worn)
   (You took it off a daeva on level 3 of the Abyss)
 r - the +1 cloak of Polish (worn) {rF+ Int+6 Stlth-}
   (You acquired it on level 6 of a ziggurat)

   Int:       It affects your intelligence (+6).
   rF:        It protects you from fire.
   Stlth:     It makes you less stealthy.
 E - a +2 helmet of see invisible (worn)
   (You found it on level 1 of the Elven Halls)
 G - +4 gold dragon scales (worn)
   (You found it on level 1 of the Depths)
 O - a +2 pair of boots of stealth (worn)
   (You found it on level 4 of the Spider Nest)
 Q - a scarf of repulsion
   (You bought it in a shop on level 2 of the Orcish Mines)
 U - a +2 pair of gloves (worn)
   (You found it on level 1 of the Lair of Beasts)
Jewellery
 g - the ring "Hagotzujat" (left hand) {AC+4 Str-2 Slay+5}
   (You found it on level 2 of a ziggurat)

   [ring of protection]

   AC:        It affects your AC (+4).
   Str:       It affects your strength (-2).
   Slay:      It affects your accuracy & damage with ranged weapons and melee
   (+5).
 j - a +4 ring of slaying
   (You bought it in a shop on level 2 of the Orcish Mines)
 M - an amulet of regeneration (around neck)
   (You found it on level 12 of the Dungeon)
 P - the ring of Wame {Fly rF+ Dex+3}
   (You found it on level 3 of the Elven Halls)

   [ring of flight]

   Dex:       It affects your dexterity (+3).
   rF:        It protects you from fire.
   Fly:       It grants you flight.
 R - a ring of the Octopus King {HP+2 MP+9 AC+2 EV+2 SH+2}
   (You found it on level 5 of the Lair of Beasts)

   [ring of magical power]

   AC:        It affects your AC (+2).
   EV:        It affects your evasion (+2).
   HP:        It affects your health (+2).
   MP:        It affects your magic capacity (+9).
   SH:        It affects your SH (+2).
 Z - the ring "Ceed" (right hand) {rPois Will+ Dex+4}
   (You bought it in a shop on level 2 of the Orcish Mines)

   [ring of willpower]

   Dex:       It affects your dexterity (+4).
   rPois:     It protects you from poison.
   Will:      It increases your willpower.
Wands
 i - a wand of mindburst (20)
   (You found it on level 3 of the Elven Halls)
 v - a wand of acid (28)
   (You found it on level 4 of the Dungeon)
 y - a wand of charming (43)
   (You found it on level 5 of the Dungeon)
 J - a wand of digging (5)
   (You took it off an orc on level 7 of the Dungeon)
 X - a wand of roots (39)
   (You found it on level 2 of the Lair of Beasts)
Scrolls
 c - 5 scrolls of vulnerability
 p - a scroll of magic mapping
 s - 5 scrolls of butterflies
 t - 8 scrolls of teleportation
 u - a scroll of silence
 D - 4 scrolls of fog
 K - 11 scrolls of immolation
 N - 9 scrolls of poison
 S - 6 scrolls of fear
 W - 2 scrolls of brand weapon
Potions
 d - 7 potions of might
 h - 3 potions of haste
 k - 5 potions of ambrosia
 n - 2 potions of resistance
 q - 6 potions of curing
 w - 2 potions of heal wounds
 x - a potion of cancellation
 B - 4 potions of magic
 C - 8 potions of mutation
 F - 5 potions of berserk rage
 Y - 15 potions of attraction
Miscellaneous
 l - a condenser vane
   (You found it on level 13 of the Dungeon)
 m - a box of beasts
   (You found it in a Gauntlet)
 A - a lightning rod (4/4)
   (You found it on level 5 of the Lair of Beasts)
 H - a phantom mirror
   (You found it in a Gauntlet)
 V - a phial of floods
   (You found it on level 1 of the Lair of Beasts)


   Skills:
 + Level 25.4 Fighting
 - Level 18.0 Axes
 * Level 21.0 Throwing
 + Level 20.9 Armour
 + Level 20.7 Shields
 O Level 27 Invocations
 - Level 10.0 Evocations


You had 26 spell levels left.
You didn't know any spells.
Your spell library contained the following spells:

 Spells                   Type           Power      Damage    Failure   Level
 Apportation              Tloc           0%         N/A       91%         1
 Foxfire                  Conj/Fire      0%         2x1d4     91%         1
 Freeze                   Ice            0%         1d3       91%         1
 Kiss of Death            Conj/Necr      0%         2d5       91%         1
 Magic Dart               Conj           0%         1d3       91%         1
 Necrotise                Necr           0%         1d4       91%         1
 Sandblast                Erth           0%         2d4       91%         1
 Shock                    Conj/Air       0%         1d3       91%         1
 Summon Small Mammal      Summ           0%         N/A       91%         1
 Blink                    Tloc           0%         N/A       97%         2
 Call Imp                 Summ           0%         N/A       97%         2
 Lesser Beckoning         Tloc           0%         N/A       97%         2
 Poisonous Vapours        Pois/Air       0%         N/A       97%         2
 Call Canine Familiar     Summ           0%         N/A       100%        3
 Frozen Ramparts          Ice            0%         1d1       100%        3
 Gell's Gravitas          Tloc           0%         N/A       100%        3
 Hailstorm                Conj/Ice       0%         3d3       100%        3
 Inner Flame              Hex/Fire       0%         N/A       100%        3
 Mephitic Cloud           Conj/Pois/Air  0%         N/A       100%        3
 Ozocubu's Armour         Ice            0%         N/A       100%        3
 Portal Projectile        Hex/Tloc       0%         N/A       100%        3
 Spider Form              Tmut/Pois      0%         N/A       100%        3
 Summon Guardian Golem    Hex/Summ       0%         N/A       100%        3
 Swiftness                Air            0%         N/A       100%        3
 Teleport Other           Tloc           0%         N/A       100%        3
 Tukima's Dance           Hex            0%         N/A       100%        3
 Vhi's Electric Charge    Tloc/Air       0%         N/A       100%        3
 Volatile Blastmotes      Fire/Tloc      0%         2d10      100%        3
 Airstrike                Air            0%         2d(0-16)  100%        4
 Anguish                  Hex/Necr       0%         N/A       100%        4
 Animate Armour           Summ/Erth      0%         N/A       100%        4
 Fulminant Prism          Conj/Hex       0%         3d5       100%        4
 Iskenderun's Mystic Bla  Conj/Tloc      0%         2d3       100%        4
 Leda's Liquefaction      Hex/Erth       0%         N/A       100%        4
 Manifold Assault         Tloc           0%         N/A       100%        4
 Passage of Golubria      Tloc           0%         N/A       100%        4
 Petrify                  Tmut/Erth      0%         N/A       100%        4
 Sticky Flame             Conj/Fire      0%         2d3       100%        4
 Summon Ice Beast         Ice/Summ       0%         N/A       100%        4
 Arcjolt                  Conj/Air       0%         1d10      100%        5
 Blade Hands              Tmut           0%         N/A       100%        5
 Fireball                 Conj/Fire      0%         3d3       100%        5
 Freezing Cloud           Conj/Ice/Air   0%         6-21      100%        5
 Lee's Rapid Deconstruct  Erth           0%         3d4*      100%        5
 Metabolic Englaciation   Hex/Ice        0%         N/A       100%        5
 Silence                  Hex/Air        0%         N/A       100%        5
 Summon Mana Viper        Hex/Summ       0%         N/A       100%        5
 Yara's Violent Unravell  Hex/Tmut       0%         3d3       100%        5
 Conjure Ball Lightning   Conj/Air       0%         3x3d6     100%        6
 Death Channel            Necr           0%         N/A       100%        6
 Dispersal                Tloc           0%         N/A       100%        6
 Iron Shot                Conj/Erth      0%         9d1       100%        6
 Plasma Beam              Fire/Air       0%         2x1d11    100%        6
 Simulacrum               Ice/Necr       0%         N/A       100%        6
 Starburst                Conj/Fire      0%         6d3       100%        6
 Enfeeble                 Hex            0%         N/A       100%        7
 Monstrous Menagerie      Summ           0%         N/A       100%        7
 Ozocubu's Refrigeration  Ice            0%         4d7       100%        7
 Storm Form               Tmut/Air       0%         N/A       100%        7
 Borgnjor's Revivificati  Necr           0%         N/A       100%        8
 Discord                  Hex            0%         N/A       100%        8
 Disjunction              Tloc           0%         N/A       100%        8
 Lehudib's Crystal Spear  Conj/Erth      0%         10d2      100%        8
 Maxwell's Capacitive Co  Air            0%         ∞         100%        8
 Death's Door             Necr           0%         N/A       100%        9
 Fire Storm               Conj/Fire      0%         5d1       100%        9
 Polar Vortex             Ice            0%         N/A       100%        9


Dungeon Overview and Level Annotations

Branches:
Dungeon (15/15)            Temple (1/1) D:6            Lair (5/5) D:9
 Shoals (0/4) Lair:3       Spider (4/4) Lair:2        Slime (0/5) Lair:4
    Orc (2/2) D:10            Elf (3/3) Orc:2        Vaults (0/5) D:13
 Depths (4/4) D:15           Hell (visited)             Dis (7/7) Hell
    Geh (0/7) Hell            Coc (0/7) Hell            Tar (0/7) Hell
    Zot (5/5) Depths:4    Ossuary (visited)          Bailey (visited)
 WizLab (visited)         Gauntlet (visited)

Altars:
Ashenzari
Dithmenos
Elyvilon
Fedhas
Hepliaklqana
Kikubaaqudgha
Nemelex Xobeh
Okawaru
Qazlal
Ru
Sif Muna
Trog
Uskayaw
Vehumet
Wu Jian
Xom
Yredelemnul
Zin
The Shining One
Jiyva
Lugonu

Shops:
D:7 *   Orc:2 ![=(:   Elf:1 *[   Elf:2 =   Depths:1 *[   Depths:2 (
Depths:4 ?

Portals:
Hell: Depths:1 Depths:2 Depths:3 Depths:4
Abyss: Depths:1 Depths:2 Depths:3
Pandemonium: Depths:1 Depths:2

Annotations:
D:4 Grinder
Lair:3 exclusion: downstairs
Lair:5 3 runed translucent doors, exclusion: 3 oklob plants, Ypehuijo's ghost, journeyman OpFi
Orc:1 4 transporters
Elf:2 3 runed translucent doors
Depths:2 exclusion: downstairs
Depths:4 1 runed translucent door, frimble's ghost, adept DsGl
Dis:7 Dispater


Innate Abilities, Weirdness & Mutations

You are immune to sickness and miasma.
Your stone body is resilient. (AC +20)
You are immune to poison.
Your large and strong wings let you fly.
You resist negative energy. (rN+)
You are resistant to electric shocks. (rElec)
You are resistant to unholy torment.
You are immune to petrification.
You have very sharp teeth.
Your flesh is heat resistant. (rF+)
A frigid envelope surrounds you and freezes all who hurt you.
You occasionally shout uncontrollably at your foes.
Your movements are slightly less encumbered by armour. (ER -2)


Message History

The daeva is lightly wounded.
The daeva hits you but does no damage.
The daeva is very cold.
The daeva is lightly wounded.
You block the daeva's attack.
You barely miss the daeva.
The daeva is lightly wounded.
The daeva calls down the wrath of the Shining One upon you.
The Shining One smites you! The daeva blocks your attack.
The daeva is lightly wounded.
You slash the daeva! Your bite misses the daeva.
The daeva is lightly wounded.
The daeva hits you but does no damage.
The daeva is very cold.
The daeva is moderately wounded.
You block the daeva's attack. The daeva blocks your attack.
The daeva is moderately wounded.
The daeva hits you but does no damage. You block the daeva's attack.
You slice the daeva!!
The daeva is heavily wounded.
The daeva calls down the wrath of the Shining One upon you.
The Shining One smites you!
You hit the daeva.
The daeva is heavily wounded.
The daeva blocks your attack.
The daeva is heavily wounded.
The daeva hits you but does no damage.
The daeva is very cold.
The daeva is heavily wounded.
You block the daeva's attack. The daeva blocks your attack.
Your bite misses the daeva.
The daeva is heavily wounded.
The daeva hits you but does no damage.
The daeva is very cold.
The daeva is severely wounded.
The daeva completely misses you.
You slash the daeva! The daeva blocks your attack.
The daeva is severely wounded.
The daeva calls down the wrath of the Shining One upon you.
The Shining One smites you! The daeva blocks your attack.
The daeva is severely wounded.
You slash the daeva! You bite the daeva, but do no damage.
The daeva is almost dead.
The daeva calls down the wrath of the Shining One upon you.
The Shining One smites you! The daeva blocks your attack.
Your bite misses the daeva.
The daeva is almost dead.
The daeva calls down the wrath of the Shining One upon you.
The Shining One smites you!
You closely miss the daeva.
The daeva is almost dead.
The daeva hits you but does no damage.
The daeva is very cold.
The daeva is almost dead.
The daeva hits you but does no damage.
The daeva is very cold.
The daeva is almost dead.
The daeva blocks your attack.
You bite the daeva, but do no damage.
The daeva is almost dead.
The daeva blocks your attack.
You bite the daeva, but do no damage.
The daeva is almost dead.
The daeva calls down the wrath of the Shining One upon you.
The Shining One smites you!
You hit the daeva but do no damage.
The daeva is almost dead.
The daeva calls down the wrath of the Shining One upon you.
The Shining One smites you! The daeva blocks your attack. x2
The daeva is almost dead.
The daeva calls down the wrath of the Shining One upon you.
The Shining One smites you! The daeva blocks your attack. x2
The daeva is almost dead.
The daeva blocks your attack.
The daeva is almost dead.
The daeva calls down the wrath of the Shining One upon you.
The Shining One smites you! The daeva blocks your attack.
You bite the daeva, but do no damage.
The daeva is almost dead.
The daeva hits you but does no damage.
The daeva is very cold.
The daeva is almost dead.
You block the daeva's attack. The daeva blocks your attack.
The daeva is almost dead.
You block the daeva's attack. x2
You slash the daeva!
You kill the daeva!
Things that are here:
a +2 long sword of holy wrath; a +0 tower shield You reach down and open the door.
There is an open door here.
There is a stone staircase leading up here.
You fly upwards.
There is a stone staircase leading down here.
(D) Dungeon (T) Temple (L) Lair (A) Shoals (N) Spider Nest (M) Slime Pits (O) Orcish Mines (E) Elven Halls (V) Vaults (U) Depths (H) Hell (I) Dis (G) Gehenna (X) Cocytus (Y) Tartarus (Z) Zot
Where to? (Enter - D:2 @ (x,y), ? - help)
Okay, then.
There is a staircase leading out of the dungeon here.
Enter note: gg You have escaped!

###############
#.............#
#.###########.# #.# #.#
#######.######## #.#####
##..............####.....#
#...................####.#
#..........#####....# #.#
#........@.# #)#..####.#
#.........># #.#..##...#
#.....###'## #.#.(...#).
#..>..###.# #.#.#......
#.....##.## #.#.#.###..
#.....##.# #.#.#.# #..
#.....#'## #.###.# #..
#........# #.....# #..
#........# ####### #..


There were no monsters in sight!

Vanquished Creatures
  4 dread liches
  An ancient lich (Zot:4)
  3 juggernauts
  4 Killer Klowns (Zot:5)
  7 golden dragons
  8 caustic shrikes
  Geryon (Hell)
  17 bone dragons
  4 profane servitors
  A Brimstone Fiend (D:15)
  A Tzitzimitl (Depths:2)
  A shard shrike zombie (Hell)
  7 electric golems
  A pearl dragon (Depths:4)
  2 hellephants
  13 tentacled monstrosities
  A walking crystal tome (Depths:3)
  11 liches
  An iron giant (Dis:6)
  7 quicksilver dragons
  4 Orb Guardians
  7 Hell Sentinels
  2 deep elf master archers (Elf:3)
  2 titans
  2 deep elf blademasters (Elf:3)
  44 tentacled starspawn
  A walking divine tome (Depths:4)
  3 sphinxes
  9 shadow dragons
  9 death cobs
  9 Executioners
  9 ancient champions
  Agnes (D:15)
  11 storm dragons
  9 draconian monks
  4 daevas
  A nagaraja (Zig:6)
  A nargun (Abyss:6)
  9 fire giants
  2 draconian knights
  A quicksilver elemental (Dis:5)
  A juggernaut zombie (Abyss:3)
  3 deep elf sorcerers
  4 draconian scorchers
  4 iron dragons
  5 deep elf elementalists
  6 emperor scorpions
  A curse skull (Zig:7)
  4 ghost moths (Spider:4)
  5 frost giants
  8 draconian shifters
  3 balrugs
  5 draconian stormcallers
  3 angels
  A cacodemon (Abyss:3)
  11 war gargoyles
  2 spriggan defenders
  3 draconian annihilators
  4 ironbound thunderhulks (WizLab)
  4 starflowers (Abyss:3)
  8 stone giants
  7 reapers
  10 green draconians
  30 very ugly things
  7 vampire knights
  9 black draconians
  Azrael (D:14)
  2 deep elf demonologists
  A bunyip (Abyss:3)
  10 deep elf annihilators
  A putrid mouth (Hell)
  15 white draconians
  14 yellow draconians
  11 purple draconians
  14 red draconians
  3 lorocyprocas
  A minotaur (Gauntlet)
  2 spark wasps
  5 deep elf death magi (Elf:3)
  3 blizzard demons
  9 ettins
  A crystal guardian (WizLab)
  A merfolk javelineer (Depths:4)
  9 iron golems
  15 fire dragons
  3 eidola
  An entropy weaver (shapeshifter) (Abyss:3)
  4 jiangshi
  4 deep elf high priests
  4 great orbs of eyes
  A hell beast (D:4)
  An entropy weaver (Spider:4)
  Erolcha (Orc:2)
  Harold (Lair:1)
  2 hydras (D:15)
  7 vault guards
  8 spriggan air magi
  10 peacekeepers (WizLab)
  2 salamander tyrants (WizLab)
  16 rakshasas
  8 ice dragons
  2 anacondas (Zig:6)
  3 ogre magi
  A spriggan skeleton (Abyss:3)
  A merfolk avatar (Lair:5)
  7 tengu warriors
  A catoblepas (D:14)
  11 two-headed ogres
  A radroach (Spider:1)
  2 death knights
  A centaur warrior (D:12)
  20 dancing weapons
  A naga warrior (Abyss:3)
  A boulder beetle (D:11)
  44 thrashing horrors
  7 deep troll shamans
  5 death yaks
  10 deep troll earth magi
  6 vampire magi
  10 hell hogs (Abyss:3)
  2 spriggan berserkers
  An orc high priest (Zig:2)
  A shock serpent (Zig:8)
  14 hell knights
  11 deep elf knights
  Nergalle (Lair:2)
  4 soul eaters
  2 sun moths
  8 shadow wraiths
  A skeletal warrior (Hell)
  16 sun demons
  A bunyip zombie (Abyss:3)
  6 crystal echidnas
  21 wretched stars
  11 sixfirhies
  4 spatial maelstroms
  6 pharaoh ants
  3 skysharks
  A sea snake (Lair:5)
  9 iron trolls
  7 glowing orange brains
  5 shadow demons
  A cherub (Depths:4)
  3 flayed ghosts
  A swamp dragon (Zig:1)
  15 deep trolls
  An anaconda zombie (Abyss:1)
  12 orb spiders
  95 large abominations
  4 wizards
  20 deep elf archers
  7 phantasmal warriors
  A golden dragon skeleton (Zot:3)
  2 mana vipers (Zig:6)
  A lindwurm (Lair:5)
  2 harpies (shapeshifter)
  2 wolf spiders (shapeshifter)
  A harpy (Lair:5)
  9 necromancers
  6 steelbarb worms
  121 starcursed masses
  17 wolf spiders
  23 ugly things
  An oklob plant (Abyss:3)
  31 deep elf pyromancers
  2 will-o-the-wisps (Abyss:3)
  3 cyclopes
  31 deep elf zephyrmancers
  10 orc sorcerers
  2 salamanders (shapeshifter)
  3 shining eyes
  A black mamba (shapeshifter) (Depths:3)
  13 worldbinders
  21 moths of wrath
  6 manticores
  3 salamanders
  2 shadow dragon skeletons (Zot:3)
  A guardian serpent (shapeshifter) (Abyss:3)
  4 rust devils
  4 guardian serpents
  2 naga magi (Zig:6)
  A dire elephant zombie (Abyss:3)
  A merfolk siren (Lair:3)
  7 torpor snails
  8 elephants
  14 demonic crawlers
  6 apocalypse crabs
  An eye of devastation (shapeshifter) (Depths:3)
  Maurice (D:8)
  5 orange demons
  3 black mambas
  29 smoke demons
  2 eyes of devastation
  3 molten gargoyles
  11 gargoyles
  15 cane toads
  2 unseen horror zombies (D:10)
  6 hellions
  3 rime drakes
  4 kobold demonologists
  A yaktaur (shapeshifter) (D:13)
  5 tormentors
  8 komodo dragons
  An unseen horror (shapeshifter) (Depths:3)
  8 unseen horrors
  Maggie (D:7)
  5 efreet
  12 freezing wraiths
  A komodo dragon (shapeshifter) (Elf:3)
  29 ancient zymes
  2 ice devils (Abyss:3)
  A queen bee (shapeshifter) (Depths:3)
  4 tengu conjurers
  A harpy zombie (Hell)
  4 polar bears
  5 trolls
  2 hydra zombies (Hell)
  3 merfolk (Lair:3)
  10 hellwings
  2 meliai (Spider:4)
  2 wind drakes (Abyss:3)
  26 tarantellas
  A tarantella (shapeshifter) (Depths:3)
  A wind drake (shapeshifter) (Depths:3)
  8 hornets
  Prince Ribbit (Bailey)
  34 blink frogs
  A raiju (shapeshifter) (Depths:3)
  66 raiju
  A stone giant simulacrum (Abyss:3)
  2 meliai zombies (D:10)
  25 slime creatures
  4 spriggans (Depths:4)
  2 jumping spiders (shapeshifter) (Depths:3)
  15 jumping spiders
  Sigmund (D:2)
  9 vampires
  12 water elementals
  3 centaur simulacra
  42 yaks
  A yak (shapeshifter) (Depths:3)
  6 air elementals
  15 culicivoras
  30 ynoxinuls
  14 flying skulls
  10 shadows
  11 wraiths
  2 humans (Bailey)
  10 wyverns
  4 fire elementals
  A human (shapeshifter) (Depths:3)
  5 fire bats
  2 steam dragons
  A basilisk (shapeshifter) (Elf:3)
  A basilisk (Abyss:3)
  A sea snake simulacrum (Hell)
  38 redbacks
  21 chaos spawn
  14 neqoxecs
  Grum (D:9)
  A warg (Orc:1)
  3 spatial vortices
  7 vampire mosquitoes
  3 nagas
  62 small abominations
  A naga zombie (Hell)
  14 water moccasins
  3 acid dragons
  2 floating eyes (shapeshifter) (Depths:3)
  14 hell hounds
  A floating eye (Depths:3)
  13 orc warriors
  A sky beast (shapeshifter) (Abyss:1)
  2 sky beasts
  6 ice beasts
  A naga skeleton (Abyss:2)
  6 black bears
  A black bear (shapeshifter) (Abyss:4)
  9 ogres
  2 boggarts (Gauntlet)
  13 wolves
  2 centaurs
  An elf zombie (Ossuary)
  2 phantoms
  3 kobold brigands
  19 bullfrogs
  2 gnoll sergeants
  A naga simulacrum (Abyss:3)
  7 earth elementals
  10 wights (D:8)
  12 killer bees
  2 vampire bats (Abyss:3)
  14 centaur zombies
  4 electric eels
  4 howler monkeys
  2 crimson imps (Abyss:3)
  7 quasits
  A human zombie (Ossuary)
  4 hounds
  12 orc priests
  5 iron imps
  3 jellies (D:5)
  A sleepcap (D:4)
  Natasha (thrice) (D:2)
  3 iguanas
  34 orc wizards
  2 lightning spires (WizLab)
  2 mummies (Ossuary)
  2 howler monkey zombies (D:10)
  A gnoll (shapeshifter) (Depths:3)
  9 gnolls
  11 adders
  A shadow imp (Abyss:3)
  9 white imps
  22 ufetubi
  An adder zombie (Ossuary)
  A dart slug (D:5)
  An orc (shapeshifter) (Abyss:3)
  57 orcs
  3 ball pythons
  11 endoplasms
  5 giant cockroaches
  18 goblins
  8 hobgoblins
  4 jackals (D:1)
  15 kobolds
  6 quokkas
  5 bats
  4 frilled lizards
  A goblin zombie (Ossuary)
  10 hobgoblin zombies (Ossuary)
  14 kobold zombies (Ossuary)
  5 orc zombies (Ossuary)
  2 rats
  A rat zombie (Ossuary)
  4 lurking horrors
  A pillar of salt (D:15)
  44 starspawn tentacles
2601 creatures vanquished.

Vanquished Creatures (collateral kills)
  3 dread liches
  A Killer Klown (Zig:5)
  6 caustic shrikes
  A pearl dragon (Abyss:3)
  8 bone dragons
  A profane servitor (Abyss:3)
  A tentacled monstrosity (Abyss:3)
  A hellephant (Abyss:3)
  3 liches
  3 Hell Sentinels
  3 ancient champions
  14 tentacled starspawn
  A shadow dragon (Abyss:3)
  A draconian knight (Abyss:3)
  2 quicksilver elementals
  A balrug (Abyss:3)
  4 reapers (Hell)
  An iron dragon (Hell)
  10 very ugly things
  3 war gargoyles
  A vampire knight (Zig:7)
  A cacodemon (Abyss:3)
  A lorocyproca (Hell)
  A starflower (Abyss:3)
  3 blizzard demons
  A green death (Hell)
  A deep elf death mage (Zig:7)
  An eidolon (Abyss:1)
  6 iron golems
  A deep elf high priest (Zig:4)
  5 great orbs of eyes
  3 rakshasas
  2 ice dragons (Hell)
  6 hell hogs
  25 thrashing horrors
  A sun demon (Abyss:3)
  5 soul eaters
  A spriggan (Abyss:3)
  7 hell knights (Hell)
  A titan skeleton (Hell)
  3 crystal echidnas
  3 shadow wraiths
  5 sixfirhies
  9 wretched stars
  A death drake (Abyss:3)
  A spatial maelstrom (Abyss:3)
  2 glowing orange brains
  A harpy (Abyss:3)
  A flayed ghost (Hell)
  2 necromancers
  48 starcursed masses
  2 phantasmal warriors
  An oklob plant (Abyss:3)
  A wizard (Abyss:4)
  A faun (shapeshifter) (Abyss:4)
  An ugly thing (Zig:5)
  3 worldbinders
  4 will-o-the-wisps
  A naga mage (Abyss:3)
  5 orange demons
  4 rust devils (Hell)
  2 ice statues (Hell)
  A molten gargoyle (Hell)
  A centaur skeleton (Hell)
  6 apocalypse crabs
  12 smoke demons
  3 unseen horrors (Abyss:3)
  3 freezing wraiths
  3 hellions (Hell)
  A kobold demonologist (Abyss:3)
  An efreet (Abyss:3)
  A sea snake zombie (Hell)
  A bunyip simulacrum (Hell)
  14 ancient zymes
  4 tormentors
  A red devil (Abyss:3)
  4 hellwings (Abyss:3)
  2 hornets
  30 raiju
  2 hydra skeletons
  A blink frog (Abyss:3)
  An alligator zombie (Hell)
  8 flying skulls (Abyss:3)
  10 ynoxinuls
  An ettin skeleton (Abyss:4)
  A shadow (Abyss:3)
  2 wraiths (Abyss:3)
  A naga simulacrum (Hell)
  4 fire bats (Abyss:3)
  A water elemental (Hell)
  A hog (shapeshifter) (Abyss:3)
  A basilisk (Abyss:4)
  A fire bat (shapeshifter) (Abyss:3)
  A golden eye (Abyss:1)
  7 chaos spawn
  24 small abominations
  17 neqoxecs
  36 large abominations
  A naga (Abyss:3)
  3 spatial vortices
  2 hell hounds
  An alligator simulacrum (Hell)
  A crimson imp (Abyss:3)
  5 quasits
  5 iron imps
  A shadow imp (Abyss:3)
  5 white imps
  4 ufetubi
  3 butterflies (Abyss:3)
  6 lurking horrors
  22 starspawn tentacles
509 creatures vanquished.

Vanquished Creatures (others)
  A deep elf annihilator (Elf:3)
  A naga warrior (Zig:6)
  2 deep elf knights
  A wretched star (Abyss:6)
  A sixfirhy (Abyss:3)
  A deep elf zephyrmancer (Elf:3)
  A polar bear (Lair:5)
  A bloated husk (Zig:1)
  A flying skull (Abyss:3)
  A golden eye (Abyss:1)
  An orc wizard (Orc:2)
  2 gnolls (D:7)
  22 bushes (Abyss:3)
  A butterfly (Abyss:3)
  30 demonic plants
  19 foxfires
  24 fungi
  2 lurking horrors (Abyss:3)
  6 pillars of salt
  59 plants
  83 starspawn tentacles
  7 withered plants (D:10)
267 creatures vanquished.

Grand Total: 3377 creatures vanquished

Notes
Turn   | Place    | Note
-------+----------+-------------------------------------------
     0 | D:1      | Flugkiller the Gargoyle Fighter began the quest for the
                  | Orb.
     0 | D:1      | Reached XP level 1. HP: 14/14 MP: 1/1
    93 | D:1      | Reached XP level 2. HP: 19/19 MP: 2/2
   470 | D:2      | Reached XP level 3. HP: 23/23 MP: 3/3
   541 | D:2      | Noticed Natasha
   544 | D:2      | Killed Natasha
   568 | D:2      | Noticed Natasha
   588 | D:2      | Killed Natasha
   589 | D:2      | Reached XP level 4. HP: 20/29 MP: 4/4
   769 | D:2      | Noticed Sigmund
   777 | D:2      | Killed Sigmund
   778 | D:2      | Reached XP level 5. HP: 34/34 MP: 5/5
   778 | D:2      | Reached XP level 6. HP: 39/39 MP: 6/6
   820 | D:2      | Found a shimmering blue altar of Sif Muna.
  1110 | D:2      | Noticed Natasha
  1161 | D:2      | Killed Natasha
  1367 | D:3      | Found a transporter.
  1395 | D:3      | Reached skill level 5 in Armour
  1457 | D:3      | Found a transporter.
  1567 | D:3      | Reached skill level 5 in Fighting
  2053 | D:3      | Reached XP level 7. HP: 44/44 MP: 7/7
  2509 | D:4      | Identified the +4 robe "Pemuj" {rC+}
  2835 | D:4      | Found a sparkling altar of Nemelex Xobeh.
  3270 | D:5      | Entered Level 5 of the Dungeon
  3271 | D:5      | Noticed Grinder
  3328 | D:5      | Paralysed by Grinder for 4 turns
  3425 | D:5      | Got Peurumaa's Catalogue of Maleficent Acts
  3533 | D:5      | Found a sand-covered staircase.
  3542 | Ossuary  | Entered an ossuary
  3632 | Ossuary  | Reached XP level 8. HP: 32/51 MP: 8/8
  3815 | D:5      | Reached skill level 5 in Shields
  4149 | D:5      | Reached skill level 5 in Axes
  4295 | D:6      | Found a sacrificial altar of Ru.
  4491 | D:6      | Found a staircase to the Ecumenical Temple.
  4500 | Temple   | Entered the Ecumenical Temple
  4657 | Temple   | Became a worshipper of Zin the Law-Giver
  4657 | Temple   | Reached * piety under Zin
  4703 | D:6      | Reached skill level 1 in Evocations
  4805 | D:6      | Reached XP level 9. HP: 46/57 MP: 9/9
  4829 | D:6      | Reached ** piety under Zin
  4979 | D:6      | Noticed a manticore
  5115 | D:7      | Found a flagged portal.
  5118 | D:7      | Found Qycoqoe's General Store.
  5139 | D:7      | Bought a scroll of identify for 28 gold pieces
  5139 | D:7      | Bought a scroll of identify for 28 gold pieces
  5139 | D:7      | Bought a scroll of identify for 28 gold pieces
  5199 | Bailey   | Entered a bailey
  5771 | Bailey   | Noticed Prince Ribbit
  5771 | Bailey   | Noticed a vault guard
  5802 | Bailey   | Killed Prince Ribbit
  5880 | Bailey   | Killed a vault guard
  5881 | Bailey   | Reached skill level 5 in Evocations
  5881 | Bailey   | Reached XP level 10. HP: 26/64 MP: 10/10
  6027 | Bailey   | Got the Handbook of the Green Wind
  6042 | Bailey   | Noticed a vault guard
  6065 | Bailey   | Killed a vault guard
  6066 | Bailey   | Reached skill level 1 in Invocations
  6220 | D:7      | Bought a potion of haste for 140 gold pieces
  6234 | D:7      | Noticed Maggie
  6261 | D:7      | Reached skill level 2 in Invocations
  6982 | D:8      | Reached *** piety under Zin
  7478 | D:8      | Noticed a two-headed ogre
  7481 | D:8      | Killed a two-headed ogre
  7482 | D:8      | Reached skill level 3 in Invocations
  7767 | D:8      | Noticed Maurice
  7774 | D:8      | Killed Maurice
  7823 | D:8      | Reached skill level 4 in Invocations
  7966 | D:9      | Reached XP level 11. HP: 71/71 MP: 14/14
  8022 | D:7      | Killed Maggie
  8052 | D:7      | Reached **** piety under Zin
  8207 | D:9      | Got the Book of a Thousand Ghosts
  8257 | D:9      | Found an ancient bone altar of Kikubaaqudgha.
  8287 | D:9      | Reached skill level 10 in Invocations
  8287 | D:9      | Reached XP level 12. HP: 74/76 MP: 14/20
  8485 | D:9      | Noticed Grum
  8490 | D:9      | Killed Grum
  8498 | D:9      | Reached skill level 11 in Invocations
  8724 | D:9      | Found a staircase to the Lair.
  8894 | D:10     | Entered Level 10 of the Dungeon
  8910 | D:10     | Noticed a two-headed ogre
  9108 | D:9      | Killed a two-headed ogre
  9632 | D:10     | Reached skill level 10 in Fighting
  9670 | D:10     | Reached skill level 10 in Armour
  9953 | D:9      | Reached ***** piety under Zin
 10700 | D:10     | You fall into a shaft and drop 3 floors!
 10968 | D:12     | Noticed a death knight
 11115 | D:10     | Reached XP level 13. HP: 52/83 MP: 21/21
 11164 | D:10     | Reached skill level 12 in Invocations
 11252 | D:10     | Found a staircase to the Orcish Mines.
 11402 | D:10     | Found a stormy altar of Qazlal.
 11849 | D:11     | Found a blossoming altar of Fedhas.
 12322 | Lair:1   | Entered Level 1 of the Lair of Beasts
 12578 | Lair:1   | Identified the +4 scale mail "Gumuakumn" {Harm}
 12948 | Lair:1   | Noticed Harold
 12963 | Lair:1   | Killed Harold
 13322 | D:7      | Bought a scroll of enchant armour for 105 gold pieces
 13670 | Lair:2   | Reached skill level 13 in Invocations
 13750 | Lair:2   | Gained mutation: Your large and strong wings let you fly.
                  | [Gargoyle growth]
 13750 | Lair:2   | Reached XP level 14. HP: 91/91 MP: 23/23
 13819 | Lair:2   | Reached skill level 10 in Axes
 14006 | Lair:2   | Identified a scroll of acquirement
 14024 | Lair:2   | Noticed Nergalle
 14042 | Lair:2   | Killed Nergalle
 14066 | Lair:2   | Found a hole to the Spider Nest.
 15083 | Lair:3   | Found a staircase to the Shoals.
 15537 | Lair:4   | Found a viscous altar of Jiyva.
 15537 | Lair:4   | Found a staircase to the Slime Pits.
 15636 | Lair:4   | Reached ****** piety under Zin
 16226 | Lair:5   | Entered Level 5 of the Lair of Beasts
 16281 | Lair:5   | Found a runed translucent gate.
 16281 | Lair:5   | Found a runed translucent gate.
 16281 | Lair:5   | Found a runed translucent gate.
 16283 | Lair:5   | Noticed Ypehuijo's ghost (journeyman OpFi)
 16384 | Lair:5   | Found a gate leading to a gauntlet.
 16393 | Gauntlet | Entered a Gauntlet
 16393 | Gauntlet | Found a transporter.
 16451 | Gauntlet | Found a transporter.
 16455 | Gauntlet | Found a transporter.
 16463 | Gauntlet | Found a transporter.
 16467 | Gauntlet | Found a transporter.
 16475 | Gauntlet | Found a transporter.
 16479 | Gauntlet | Found a transporter.
 16487 | Gauntlet | Found a transporter.
 16491 | Gauntlet | Found a transporter.
 16499 | Gauntlet | Found a transporter.
 16529 | Gauntlet | Found a transporter.
 16541 | Gauntlet | Found a transporter.
 16554 | Gauntlet | Found a transporter.
 16567 | Gauntlet | Found a transporter.
 16748 | Gauntlet | Identified the +0 pair of gloves of Omission {Str+6}
 16786 | Gauntlet | Identified the staff of fire "Benni" {rF+ Will+}
 16826 | Lair:5   | Reached skill level 14 in Invocations
 17145 | Lair:5   | Reached XP level 15. HP: 98/98 MP: 25/25
 17183 | Lair:5   | Found the ring of the Octopus King
 17190 | Lair:5   | Identified the +5 ring mail "Vokamibb" {rElec rPois Str-2}
 17215 | Lair:5   | Identified the +0 halberd of Watchfulness {elec, Int+4}
 17222 | Lair:5   | Identified a ring of the Octopus King {HP+2 MP+9 AC+2 EV+2
                  | SH+2}
 18272 | Orc:1    | Entered Level 1 of the Orcish Mines
 18322 | Orc:1    | Found a transporter.
 18323 | Orc:1    | Noticed an orc warlord
 18343 | Orc:1    | Found a transporter.
 18350 | Orc:1    | Found a transporter.
 18354 | Orc:1    | Found an ornate altar of the Wu Jian Council.
 18355 | Orc:1    | Found a transporter.
 18763 | Orc:1    | Found an ornate altar of the Wu Jian Council.
 18787 | Orc:2    | Entered Level 2 of the Orcish Mines
 18813 | Orc:2    | Found a staircase to the Elven Halls.
 18984 | Orc:2    | Found Tororghue's Book Emporium.
 19178 | Orc:2    | Reached skill level 10 in Shields
 19272 | Orc:2    | Paralysed by an orc sorcerer for 4 turns
 19381 | Orc:2    | Noticed Erolcha
 19640 | Orc:2    | Killed Erolcha
 19652 | Orc:2    | Paralysed by an orc sorcerer for 4 turns
 19662 | Orc:2    | Paralysed by an orc sorcerer for 2 turns
 19818 | Orc:2    | Paralysed by an orc sorcerer for 5 turns
 19841 | Orc:2    | Found an ancient bone altar of Kikubaaqudgha.
 19861 | Orc:2    | Found a radiant altar of Vehumet.
 19870 | Orc:2    | Found Xiho's Antique Armour Shoppe.
 19881 | Orc:2    | Paralysed by something for 5 turns
 19897 | Orc:2    | Found Esha Ybao's Antique Weapon Emporium.
 19901 | Orc:2    | Found Kesaxem's Jewellery Emporium.
 19966 | Orc:2    | Found Qioho's Distillery.
 19973 | Orc:2    | Bought a potion of heal wounds for 75 gold pieces
 19973 | Orc:2    | Bought a potion of heal wounds for 75 gold pieces
 21440 | D:13     | Identified the +4 spear "Vaprey" {freeze, Will+++ Int+3}
 21493 | D:13     | Reached skill level 15 in Invocations
 21900 | D:13     | Found a gate to the Vaults.
 22315 | Orc:2    | Bought a runed scarf for 224 gold pieces
 22701 | D:14     | Reached XP level 16. HP: 106/106 MP: 27/27
 22812 | D:14     | Noticed Azrael
 22828 | D:14     | Killed Azrael
 23123 | D:14     | Identified the ring "Akoc" {rC+++ MP+9 Slay-4}
 23617 | D:15     | Entered Level 15 of the Dungeon
 23772 | D:15     | Noticed Agnes
 23808 | D:15     | Killed Agnes
 24462 | D:15     | Found a staircase to the Depths.
 24650 | D:15     | Acquired 887 gold pieces
 24843 | Orc:2    | Bought a +4 ring of slaying for 1092 gold pieces
 24854 | Orc:2    | Bought a pair of boots for 126 gold pieces
 24938 | Elf:1    | Entered Level 1 of the Elven Halls
 25128 | Orc:2    | Bought the ring "Ceed" {rPois Will+ Dex+4} for 624 gold
                  | pieces
 25237 | Elf:1    | Found Gevog's Antique Armour Emporium.
 25324 | Elf:1    | Found a shimmering blue altar of Sif Muna.
 25451 | Elf:1    | Found Wiol's CLEARANCE SALE!.
 25502 | Elf:1    | Bought a scroll of teleportation for 12 gold pieces
 25910 | Elf:1    | Reached skill level 15 in Fighting
 25986 | Elf:1    | Reached skill level 15 in Armour
 26088 | Elf:1    | Got Sicocsuss's Handbook of Command
 26308 | Elf:2    | Reached XP level 17. HP: 112/113 MP: 28/28
 26529 | Elf:2    | Paralysed by an air elemental for 1 turns
 26531 | Elf:2    | Paralysed by an air elemental for 1 turns
 26535 | Elf:2    | Paralysed by an air elemental for 1 turns
 26539 | Elf:2    | Paralysed by an air elemental for 1 turns
 26584 | Elf:2    | Reached skill level 16 in Invocations
 26651 | Elf:2    | Found Mipsemp's Jewellery Emporium.
 26807 | Elf:2    | Found a runed translucent gate.
 26808 | Elf:2    | Found a runed translucent gate.
 26808 | Elf:2    | Found a runed translucent gate.
 27111 | Elf:3    | Entered Level 3 of the Elven Halls
 27773 | Elf:3    | Identified the ring of Wame {Fly rF+ Dex+3}
 27946 | Elf:3    | Noticed a Hell Sentinel
 28140 | Elf:3    | Paralysed by an air elemental for 1 turns
 28490 | Elf:3    | Identified the +1 lajatang of Vengeance {freeze, *Slow rF-
                  | Int+3 Dex+7}
 28490 | Elf:3    | Identified the ring of Lilefa {+Blink Fly rPois AC+4 Dex-5}
 28753 | Elf:3    | Identified the +0 leather armour of the End {rC+ SInv}
 28940 | Elf:3    | Noticed a deep elf blademaster
 29200 | Elf:3    | Killed a deep elf blademaster
 29276 | Elf:3    | Noticed a deep elf master archer
 29420 | Elf:3    | Killed a deep elf master archer
 29421 | Elf:3    | Reached XP level 18. HP: 120/120 MP: 30/30
 29454 | Elf:3    | Identified the ring "Wafuruesch" {Drain +Blink EV+5 Dex+2}
 29587 | Elf:3    | Noticed a deep elf blademaster
 29640 | Elf:3    | Killed a deep elf blademaster
 29723 | Elf:3    | Noticed a deep elf master archer
 29755 | Elf:3    | Killed a deep elf master archer
 29998 | Elf:3    | Got the Handbook of the Singularity and Thunder
 30010 | Elf:3    | Got the Parchment of Shifting Erosion
 30012 | Elf:3    | Got the Notes on Arcane Weapons and Transmigration
 30016 | Elf:3    | Identified the staff of earth "Unigrij" {rPois rCorr Str-5
                  | Stlth+}
 30031 | Elf:3    | Got the Enchiridion on the Creative Autopsy
 30032 | Elf:3    | Identified the staff of air "Kuxecvith" {rElec rPois Dex+4}
 30039 | Elf:3    | Identified the staff of cold "Orghiv" {rElec rC+ MP+9
                  | Str+2}
 30047 | Elf:3    | Identified the +1 mace "Zuxunife" {protect, rElec Int+4}
 30419 | Depths:1 | Entered Level 1 of the Depths
 30519 | Depths:1 | Reached skill level 15 in Axes
 30565 | Depths:1 | Found Obrarghue's Superior Scales.
 30571 | Depths:1 | Noticed a golden dragon
 30693 | Depths:1 | Killed a golden dragon
 30791 | Depths:1 | Reached skill level 17 in Invocations
 30814 | Depths:1 | Found a magical portal.
 30833 | WizLab   | Entered Maxwell's Workshop
 31316 | WizLab   | Found the +15 Maxwell's patent armour {-Cast -Tele rElec
                  | Will+ rCorr}
 31344 | WizLab   | Identified the ring "Wachah" {Ice rCorr Dex+5}
 31347 | WizLab   | Identified the ring of Compulsion {Fire *Corrode rPois
                  | Str+4}
 31631 | WizLab   | Found the +12 glaive of Prune {freeze, Prune}
 31670 | WizLab   | Noticed an electric golem
 31697 | WizLab   | Killed an electric golem
 31940 | WizLab   | Identified the ring of Mirth {Ice Int+2 Dex+4 Stlth+}
 31955 | WizLab   | Identified the ring "Qigelir" {Fire rElec Str-3 Int+7}
 32111 | Depths:1 | Reached XP level 19. HP: 76/127 MP: 31/31
 32206 | Depths:1 | Found a one-way gate leading to the halls of Pandemonium.
 32235 | Depths:1 | Found a sparkling altar of Nemelex Xobeh.
 32235 | Depths:1 | Found a sacrificial altar of Ru.
 32237 | Depths:1 | Found a broken altar of Ashenzari.
 32424 | Depths:1 | Found a one-way gate to the infinite horrors of the Abyss.
 32498 | Depths:1 | Found Big Baal Hell's Store.
 32519 | Depths:1 | Found a gateway to Hell.
 32567 | Depths:1 | Found a shimmering altar of Xom.
 32569 | Depths:1 | Found a bloodstained altar of Trog.
 32569 | Depths:1 | Found a glowing silver altar of Zin.
 33609 | Depths:2 | Found Ynwyats's Weapon Shoppe.
 33783 | Depths:2 | Paralysed by a vampire knight for 2 turns
 33820 | Depths:2 | Found a shadowy altar of Dithmenos.
 33821 | Depths:2 | Noticed a Tzitzimitl
 33833 | Depths:2 | Identified the +3 war axe of Kiagreak {freeze, rC- Str+7
                  | Dex+3}
 33836 | Depths:2 | Killed a Tzitzimitl
 33998 | Depths:2 | Identified the +1 shadow dragon scales of Catatonia {Fly
                  | Will+ Stlth++++}
 34013 | Depths:2 | Got the Dissertation on Volatile Malignant Liturgies
 34307 | Depths:3 | Reached skill level 18 in Invocations
 34543 | Depths:3 | Found a corrupted altar of Lugonu.
 34581 | Depths:3 | Reached XP level 20. HP: 122/134 MP: 33/33
 34675 | Depths:3 | Noticed a caustic shrike
 34730 | Depths:2 | Killed a caustic shrike
 35009 | Depths:3 | Noticed a juggernaut
 35077 | Depths:3 | Killed a juggernaut
 35261 | Depths:3 | Paralysed by a floating eye for 4 turns
 35293 | Depths:3 | Found the +10 dark maul {heavy}
 35607 | Depths:3 | Reached skill level 15 in Shields
 35781 | Depths:3 | Paralysed by a floating eye for 4 turns
 35800 | Depths:3 | Identified the +5 halberd of Amortisation {antimagic,
                  | Str+8}
 36066 | Depths:4 | Entered Level 4 of the Depths
 36070 | Depths:4 | Found a runed translucent door.
 36070 | Depths:4 | Found a shimmering altar of Xom.
 36070 | Depths:4 | Noticed frimble's ghost (adept DsGl)
 36071 | Depths:4 | Identified the +2 triple sword of the Nine Dreams {chaos,
                  | Fly rN+ Int+3 Stlth-}
 36447 | Depths:4 | Identified the +0 dagger "Zupuwis" {elec, rF+ Str+3 Dex+4}
 36886 | Depths:4 | Found a gate to the Realm of Zot.
 36886 | Depths:4 | Noticed a golden dragon
 36887 | Depths:4 | Noticed a golden dragon
 36926 | Depths:4 | Killed a golden dragon
 36935 | Depths:4 | Killed a golden dragon
 36936 | Depths:4 | Reached XP level 21. HP: 68/141 MP: 34/34
 37201 | Depths:4 | Noticed a golden dragon
 37209 | Depths:4 | Killed a golden dragon
 37419 | Depths:4 | Reached skill level 19 in Invocations
 37468 | Depths:4 | Found a one-way gateway to a ziggurat.
 37506 | Depths:4 | Found Hac Ohub's Magic Scroll Emporium.
 38080 | Temple   | Fell from the grace of Zin
 38080 | Temple   | Became a worshipper of the Shining One
 38080 | Temple   | Reached * piety under the Shining One
 38080 | Temple   | Reached ** piety under the Shining One
 38080 | Temple   | Reached *** piety under the Shining One
 38080 | Temple   | Reached **** piety under the Shining One
 38436 | Depths:1 | Voluntarily entered the Abyss.
 38753 | Abyss:1  | Found a corrupted altar of Lugonu.
 38845 | Abyss:1  | Found a corrupted altar of Lugonu.
 38862 | Depths:1 | Escaped the Abyss
 38864 | Depths:1 | Voluntarily entered the Abyss.
 38913 | Abyss:1  | Reached ***** piety under the Shining One
 39091 | Abyss:1  | Gained mutation: You sometimes lose your temper in combat.
                  | [a shining eye]
 39096 | Abyss:1  | Lost mutation: You sometimes lose your temper in combat.
                  | [potion of mutation]
 39096 | Abyss:1  | Gained mutation: You expend magic power (3 MP) to
                  | strengthen your wands. [potion of mutation]
 39096 | Abyss:1  | Gained mutation: Your spells are a little harder to cast,
                  | but a little more powerful. [potion of mutation]
 39271 | Abyss:1  | Noticed a bone dragon
 39286 | Abyss:1  | Killed a bone dragon
 39387 | Abyss:1  | Noticed a bone dragon
 39409 | Abyss:1  | Killed a bone dragon
 39539 | Abyss:1  | Found a basalt altar of Yredelemnul.
 39552 | Abyss:1  | Found a corrupted altar of Lugonu.
 39556 | Abyss:1  | Reached ****** piety under the Shining One
 39929 | Abyss:1  | Identified a +9 broad axe of holy wrath (a +7 broad axe of
                  | flaming blessed by the Shining One)
 39929 | Abyss:1  | Received a gift from the Shining One
 39942 | Abyss:1  | Paralysed by accursed screaming for 2 turns
 39952 | Abyss:1  | Found a corrupted altar of Lugonu.
 40061 | Abyss:2  | Found a corrupted altar of Lugonu.
 40196 | Abyss:2  | Noticed a dread lich
 40205 | Abyss:2  | Killed a dread lich
 40438 | Abyss:2  | Reached XP level 22. HP: 149/149 MP: 35/35
 40581 | Abyss:2  | Found a corrupted altar of Lugonu.
 40834 | Abyss:3  | Found a corrupted altar of Lugonu.
 40914 | Abyss:3  | Reached skill level 20 in Invocations
 40944 | Abyss:3  | Gained mutation: You are frail. (-10% HP) [a shining eye]
 41002 | Depths:1 | Escaped the Abyss
 41104 | Depths:1 | Voluntarily entered the Abyss.
 41385 | Abyss:3  | Gained mutation: You are vulnerable to cold. (rC-) [a
                  | cacodemon]
 41397 | Abyss:3  | Gained mutation: Your body sometimes deteriorates upon
                  | taking damage. [a cacodemon]
 41630 | Abyss:3  | Found a corrupted altar of Lugonu.
 41765 | Abyss:3  | Got an abyssal rune of Zot
 41768 | Depths:1 | Escaped the Abyss
 41804 | Depths:1 | Voluntarily entered the Abyss.
 41948 | Abyss:3  | Found a corrupted altar of Lugonu.
 41949 | Abyss:3  | Found a corrupted altar of Lugonu.
 42167 | Abyss:3  | Reached XP level 23. HP: 140/140 MP: 37/37
 42401 | Abyss:3  | Reached skill level 1 in Throwing
 42408 | Abyss:3  | Found a corrupted altar of Lugonu.
 42483 | Abyss:3  | Found a corrupted altar of Lugonu.
 42592 | Abyss:3  | Reached skill level 21 in Invocations
 42622 | Abyss:3  | Found a shimmering altar of Xom.
 42622 | Abyss:3  | Found a shimmering altar of Xom.
 42623 | Abyss:3  | Found a shimmering altar of Xom.
 42623 | Abyss:3  | Found a corrupted altar of Lugonu.
 42624 | Abyss:3  | Found a shimmering altar of Xom.
 42624 | Abyss:3  | Found a shimmering altar of Xom.
 42625 | Abyss:3  | Found a shimmering altar of Xom.
 42625 | Abyss:3  | Found a shimmering altar of Xom.
 42625 | Abyss:3  | Found a shimmering altar of Xom.
 42625 | Abyss:3  | Found a shimmering altar of Xom.
 42631 | Abyss:3  | Found a corrupted altar of Lugonu.
 42887 | Abyss:3  | Paralysed by accursed screaming for 1 turns
 43001 | Abyss:3  | Gained mutation: Armour fits poorly on your strangely
                  | shaped body. [a neqoxec]
 43044 | Abyss:3  | Paralysed by accursed screaming for 2 turns
 43049 | Abyss:3  | Paralysed by accursed screaming for 1 turns
 43197 | Abyss:3  | Identified the +0 tower shield of Ifuuwn {Regen+ rCorr
                  | Int+2}
 43237 | Abyss:3  | Reached skill level 5 in Throwing
 43628 | Abyss:3  | Reached XP level 24. HP: 149/149 MP: 37/37
 44203 | Abyss:3  | Reached skill level 22 in Invocations
 44611 | Abyss:3  | Gained mutation: You are dopey. (Int -2) [a neqoxec]
 44647 | Abyss:3  | Found a corrupted altar of Lugonu.
 44931 | Abyss:3  | Found a corrupted altar of Lugonu.
 44989 | Abyss:3  | Reached skill level 10 in Evocations
 45608 | Abyss:3  | Reached XP level 25. HP: 155/155 MP: 38/38
 45702 | Abyss:3  | Found a corrupted altar of Lugonu.
 45779 | Abyss:3  | Found a corrupted altar of Lugonu.
 45779 | Abyss:3  | Found a corrupted altar of Lugonu.
 46132 | Abyss:3  | Reached skill level 23 in Invocations
 46595 | Abyss:3  | Paralysed by a great orb of eyes for 2 turns
 46729 | Abyss:3  | Reached skill level 10 in Throwing
 46892 | Abyss:3  | Found a corrupted altar of Lugonu.
 46959 | Abyss:4  | Found a corrupted altar of Lugonu.
 46977 | Abyss:4  | Found a corrupted altar of Lugonu.
 47021 | Abyss:4  | Found a corrupted altar of Lugonu.
 47215 | Abyss:4  | Gained mutation: You are very frail. (-20% HP) [a neqoxec]
 47227 | Abyss:4  | Paralysed by accursed screaming for 1 turns
 47298 | Abyss:4  | Gained mutation: Potions are less effective at restoring
                  | your health. [a neqoxec]
 47299 | Abyss:4  | Gained mutation: Your magical capacity is low. (-10% MP) [a
                  | neqoxec]
 47306 | Depths:1 | Escaped the Abyss
 47307 | Depths:1 | Lost mutation: You are very frail. (-20% HP) [potion of
                  | mutation]
 47307 | Depths:1 | Lost mutation: You are dopey. (Int -2) [potion of mutation]
 47307 | Depths:1 | Lost mutation: Potions are less effective at restoring your
                  | health. [potion of mutation]
 47307 | Depths:1 | Gained mutation: You passively dampen the noise of your
                  | surroundings. [potion of mutation]
 47308 | Depths:1 | Lost mutation: You are vulnerable to cold. (rC-) [potion of
                  | mutation]
 47308 | Depths:1 | Lost mutation: You are frail. (-10% HP) [potion of
                  | mutation]
 47308 | Depths:1 | Lost mutation: Your body sometimes deteriorates upon taking
                  | damage. [potion of mutation]
 47308 | Depths:1 | Gained mutation: You occasionally lose the ability to drink
                  | potions when taking damage. [potion of mutation]
 47309 | Depths:1 | Lost mutation: You passively dampen the noise of your
                  | surroundings. [potion of mutation]
 47309 | Depths:1 | Lost mutation: You expend magic power (3 MP) to strengthen
                  | your wands. [potion of mutation]
 47309 | Depths:1 | Gained mutation: You are dopey. (Int -2) [potion of
                  | mutation]
 47310 | Depths:1 | Lost mutation: Armour fits poorly on your strangely shaped
                  | body. [potion of mutation]
 47310 | Depths:1 | Lost mutation: Your spells are a little harder to cast, but
                  | a little more powerful. [potion of mutation]
 47310 | Depths:1 | Gained mutation: You occasionally shout uncontrollably at
                  | your foes. [potion of mutation]
 47310 | Depths:1 | Gained mutation: You are strong-willed. (Will+) [potion of
                  | mutation]
 47311 | Depths:1 | Lost mutation: You occasionally lose the ability to drink
                  | potions when taking damage. [potion of mutation]
 47311 | Depths:1 | Lost mutation: You are strong-willed. (Will+) [potion of
                  | mutation]
 47311 | Depths:1 | Lost mutation: You are dopey. (Int -2) [potion of mutation]
 47311 | Depths:1 | Gained mutation: You sometimes lose your temper in combat.
                  | [potion of mutation]
 47311 | Depths:1 | Gained mutation: You occasionally lose the ability to read
                  | scrolls when taking damage. [potion of mutation]
 47311 | Depths:1 | Gained mutation: Your movements are slightly less
                  | encumbered by armour. (ER -2) [potion of mutation]
 47312 | Depths:1 | Lost mutation: You occasionally lose the ability to read
                  | scrolls when taking damage. [potion of mutation]
 47312 | Depths:1 | Lost mutation: Your magical capacity is low. (-10% MP)
                  | [potion of mutation]
 47312 | Depths:1 | Gained mutation: You have sharp fingernails. [potion of
                  | mutation]
 47312 | Depths:1 | Gained mutation: You are agile. (Dex +4, Str/Int -1)
                  | [potion of mutation]
 47312 | Depths:1 | Gained mutation: You are dopey. (Int -2) [potion of
                  | mutation]
 47312 | Depths:1 | Gained mutation: Your flesh is heat resistant. (rF+)
                  | [potion of mutation]
 47313 | Depths:1 | Lost mutation: You are dopey. (Int -2) [potion of mutation]
 47313 | Depths:1 | Lost mutation: You have sharp fingernails. [potion of
                  | mutation]
 47313 | Depths:1 | Gained mutation: You have an uncontrollable temper. [potion
                  | of mutation]
 47313 | Depths:1 | Lost mutation: You are agile. (Dex +4, Str/Int -1) [potion
                  | of mutation]
 47313 | Depths:1 | Lost mutation: You have an uncontrollable temper. [potion
                  | of mutation]
 47314 | Depths:1 | Lost mutation: Your movements are slightly less encumbered
                  | by armour. (ER -2) [potion of mutation]
 47314 | Depths:1 | Lost mutation: You sometimes lose your temper in combat.
                  | [potion of mutation]
 47314 | Depths:1 | Lost mutation: You occasionally shout uncontrollably at
                  | your foes. [potion of mutation]
 47314 | Depths:1 | Gained mutation: You are partially covered in iridescent
                  | scales. (AC +2) [potion of mutation]
 47314 | Depths:1 | Gained mutation: You have very sharp teeth. [potion of
                  | mutation]
 47314 | Depths:1 | Gained mutation: A frigid envelope surrounds you and
                  | freezes all who hurt you. [potion of mutation]
 47314 | Depths:1 | Gained mutation: Your movements are slightly less
                  | encumbered by armour. (ER -2) [potion of mutation]
 47695 | Zig:1    | Entered Level 1 of a ziggurat
 47706 | Zig:2    | Entered Level 2 of a ziggurat
 47720 | Zig:2    | Identified the ring "Hagotzujat" {AC+4 Str-2 Slay+5}
 47740 | Zig:3    | Entered Level 3 of a ziggurat
 47759 | Zig:3    | Identified the +9 hand axe of the Big Bang {pain, Int+4}
 47767 | Zig:4    | Entered Level 4 of a ziggurat
 47770 | Zig:4    | Noticed a dread lich
 47784 | Zig:4    | Killed a dread lich
 47797 | Zig:5    | Entered Level 5 of a ziggurat
 47801 | Zig:5    | Noticed a Killer Klown
 47807 | Zig:5    | Killed a Killer Klown
 47829 | Zig:6    | Entered Level 6 of a ziggurat
 47913 | Zig:7    | Entered Level 7 of a ziggurat
 47919 | Zig:7    | Noticed a dread lich
 47938 | Zig:7    | Killed a dread lich
 47943 | Zig:7    | Reached XP level 26. HP: 183/183 MP: 25/38
 47962 | Zig:7    | Got the Incunabulum of Arcane Weapons
 47974 | Zig:8    | Entered Level 8 of a ziggurat
 47982 | Zig:8    | Paralysed by an air elemental for 1 turns
 47988 | Zig:8    | Paralysed by an air elemental for 1 turns
 47991 | Zig:8    | Paralysed by an air elemental for 1 turns
 47994 | Zig:8    | Paralysed by an air elemental for 1 turns
 48115 | Zig:8    | Identified the +8 falchion "Spiderslayer" {venom, +Blink
                  | rC+ Int-3}
 48121 | Zig:8    | Identified the staff of conjuration "Yriraiw" {rC+ Str+3
                  | Stlth+}
 48124 | Zig:8    | Identified the +1 plate armour of Xauqep Gorgh {Will+
                  | Stlth+}
 48243 | Zig:9    | Entered Level 9 of a ziggurat
 48255 | Zig:9    | Paralysed by an air elemental for 1 turns
 48263 | Zig:9    | Reached skill level 24 in Invocations
 48268 | Zig:9    | Reached XP level 27. HP: 184/188 MP: 39/39
 48387 | Zig:9    | Identified the +3 great sword of the Weasel {freeze, Int+3}
 48421 | Zig:10   | Entered Level 10 of a ziggurat
 48650 | Depths:4 | Found a gate to the Realm of Zot.
 49216 | Depths:4 | Found Hac Ohub's Magic Scroll Emporium.
 49436 | Hell     | Entered the Vestibule of Hell
 49436 | Hell     | Noticed Geryon
 49448 | Hell     | Killed Geryon
 49511 | Hell     | Found a gateway to the decaying netherworld of Tartarus.
 49591 | Hell     | Found a gateway to the freezing wastes of Cocytus.
 49685 | Hell     | Found a gateway to the Iron City of Dis.
 49740 | Hell     | Found a gateway to the ashen valley of Gehenna.
 50296 | D:7      | Bought a potion of might for 56 gold pieces
 50444 | Orc:2    | Bought a potion of ambrosia for 120 gold pieces
 50444 | Orc:2    | Bought a potion of curing for 45 gold pieces
 50444 | Orc:2    | Acquired the +1 cloak of Polish {rF+ Int+6 Stlth-}
 50788 | Dis:1    | Entered Level 1 of the Iron City of Dis
 50899 | Dis:2    | Noticed a dread lich
 50912 | Dis:2    | Killed a dread lich
 51292 | Dis:5    | Reached skill level 25 in Invocations
 51435 | Dis:6    | Identified the +0 tower shield of Resourcefulness {rElec
                  | Str+2}
 51668 | Dis:7    | Entered Level 7 of the Iron City of Dis
 51789 | Depths:3 | Voluntarily entered the Abyss.
 51795 | Abyss:4  | Found an opulent altar of Gozag.
 51798 | Abyss:4  | Found a corrupted altar of Lugonu.
 52016 | Abyss:4  | Paralysed by accursed screaming for 2 turns
 52220 | Abyss:4  | Reached skill level 15 in Throwing
 52771 | Abyss:4  | Found a corrupted altar of Lugonu.
 52914 | Abyss:4  | Found a corrupted altar of Lugonu.
 53003 | Depths:3 | Escaped the Abyss
 53825 | Dis:6    | Gained mutation: You occasionally shout uncontrollably at
                  | your foes. [mutagenic glow]
 53870 | Dis:6    | Lost mutation: You are partially covered in iridescent
                  | scales. (AC +2) [mutagenic glow]
 53929 | Abyss:6  | Cast into level 6 of the Abyss (unwielding a weapon of
                  | distortion)
 54018 | Dis:6    | Escaped the Abyss
 54069 | Dis:7    | Noticed a juggernaut
 54090 | Dis:7    | Killed a juggernaut
 54092 | Dis:7    | Noticed a juggernaut
 54107 | Dis:7    | Killed a juggernaut
 54153 | Dis:7    | Noticed Dispater
 54159 | Dis:7    | Identified the +10 battleaxe of Doors {venom, rF+ rN+ Str+3
                  | Dex+3}
 54167 | Dis:7    | Got an iron rune of Zot
 54632 | Temple   | Fell from the grace of the Shining One
 54632 | Temple   | Became a worshipper of Zin the Law-Giver
 54838 | Spider:1 | Entered Level 1 of the Spider Nest
 55936 | Spider:1 | Identified the ring of Otast {*Slow rF+ rN+ Will+ Stlth+}
 56017 | Spider:2 | You are sucked into a shaft and drop 1 floor!
 56160 | Spider:4 | Entered Level 4 of the Spider Nest
 56667 | Spider:4 | Identified the +0 chain mail of Space {rF++}
 56864 | Spider:4 | Got a gossamer rune of Zot
 57648 | Zot:1    | Entered Level 1 of the Realm of Zot
 58087 | Zot:2    | Reached skill level 26 in Invocations
 58224 | Zot:2    | You are sucked into a shaft and drop 2 floors!
 58877 | Zot:4    | Reached skill level 27 in Invocations
 58943 | Zot:3    | Noticed a dread lich
 58974 | Zot:4    | Killed a dread lich
 58991 | Zot:3    | Noticed an ancient lich
 59002 | Zot:4    | Killed an ancient lich
 60951 | Zot:1    | Identified the +5 war axe "Gurigom" {protect, rElec rF+}
 61489 | Zot:5    | Entered Level 5 of the Realm of Zot
 61489 | Zot:5    | Noticed a dread lich
 61489 | Zot:5    | Noticed a dread lich
 61499 | Zot:5    | Killed a dread lich
 61504 | Zot:5    | Killed a dread lich
 61548 | Zot:5    | Identified the +1 glaive "Byibilil" {heavy, Fly}
 61592 | Zot:5    | Noticed an orb of fire
 61606 | Zot:5    | Noticed an orb of fire
 61607 | Zot:5    | Noticed an orb of fire
 61608 | Zot:5    | Noticed a dread lich
 61609 | Zot:5    | Got the Orb of Zot
 62263 | D:1      | gg
 62264 | D:$      | Escaped with the Orb!

Illustrated notes

###############
#.............#
#.###########.# #.# #.#
#######.######## #.#####
##..............####.....#
#...................####.#
#..........#####....# #.#
#........@.# #)#..####.#
#.........># #.#..##...#
#.....###'## #.#.(...#).
#..>..###.# #.#.#......
#.....##.## #.#.#.###..
#.....##.# #.#.#.# #..
#.....#'## #.###.# #..
#........# #.....# #..
#........# ####### #..


Turn 62263 on D:1: gg

Levels and vault maps discovered:
D:1:      dpeg_arrival_connections, layout_basic
D:2:      layout_loops_corners, basic_altar, uniq_sigmund, uniq_natasha
D:3:      gammafunk_steamed_eel, layout_basic, minmay_pentomino_pile
D:4:      layout_loops_ring, nemelex_spade_bored_becter, minmay_quantized
D:5:      layout_cave_pools, nicolae_ossuary_entry_ruins, minmay_starry_boxes,
          uniq_grinder
D:6:      layout_cave_pools, amcnicky_altar_gilded,
          minmay_temple_entry_drinking_statues, lightli_corner_chamber
D:7:      layout_cave_pools, enter_bailey_5, serial_shops,
          nicolae_shop_just_a_little_nook, uniq_maggie
D:8:      layout_loops_ring, minmay_misc_feat_enclosed, uniq_maurice
D:9:      layout_rooms, mainiacjoe_overflow_cross_hatched, lair_entry_dummy,
          uniq_grum
D:10:     layout_cave_pools, nicolae_qazlal_scattered_showers, orc_0_dummy,
          serial_undead, serial_undead_d, serial_undead_c, serial_undead_b,
          serial_undead_a, serial_undead_f, serial_undead_d, serial_undead_c,
          serial_undead_b, serial_undead_a, serial_undead_f
D:11:     layout_loops_ring, fedhas_bush_and_centaur_altar
D:12:     kennysheep_room_grid, layout_irregular_city
D:13:     layout_long_grid, grunt_vaults_entry_fortified
D:14:     layout_stronghold, serial_ice, serial_ice_n, serial_ice_h,
          serial_ice_i, serial_ice_m, serial_ice_c, nicolae_sextant,
          hangedman_decor_diamond_cutter, uniq_azrael
D:15:     gammafunk_enter_depths_forms, layout_basic, uniq_agnes
Temple:   dpeg_five_rooms_temple
Lair:1:   layout_cellular_growth, grunt_megastairs_4, lemuel_fruit_fields,
          uniq_harold
Lair:2:   layout_roguey, spider_nest_entry_funnel_web, grunt_megastairs_5,
          uniq_nergalle
Lair:3:   layout_cave_pods, elwin_shoals_entry_stream,
          infiniplex_staircase_pool_2, lemuel_fruit_tree
Lair:4:   layout_misc_corridors, slime_entry_1
Lair:5:   gammafunk_lair_ancient_temple, layout_regular_city,
          gammafunk_ghost_split, gauntlet_entry_generic, dpeg_oklob_1,
          lemuel_fruit_fields
Spider:1: layout_chambers, drop_trap, hangedman_spider_tarantella_strand,
          uniq_mlioglotl
Spider:2: layout_cave_pods
Spider:3: layout_spider_delve, uniq_arachne
Spider:4: spider_rune_water, drop_trap
Orc:1:    dreamdust_wu_jian_sword_trials, layout_caves
Orc:2:    kennysheep_orc_mage_school, layout_caves, serial_shops,
          nicolae_shop_advertising_works [nicolae_subvault_shop_adworks]
Elf:1:    layout_loops_corners, basic_altar, serial_shops,
          nicolae_shop_rolling_square, minmay_elf_demonology,
          nicolae_shop_clearance
Elf:2:    nicolae_elf_blades_crystal_corner, layout_loops_corners, serial_shops,
          shop
Elf:3:    minmay_elf_hall_statues, layout_geoelf_grid,
          kennysheep_underground_church
Depths:1: layout_forbidden_donut, mu_enter_wizlab_6, pan_entry,
          abyss_entry_small_statue_room, doesnt_xom_only_xom,
          nicolae_hell_entry_big_baal_hell, hellmonk_scale_shop
Depths:2: regret_index_dithmenos_brocken_genspenst, layout_basic, hell_entry,
          minmay_room_of_horrors, serial_shops, shop, rand_demon_pan_entry_9,
          minmay_fountain_box, minmay_staircase_bubble
Depths:3: vault_1, layout_cave_pools, hell_entry, serial_glass, glass_columns_b,
          glass_columns_a, abyss_entry_flame_altar, hangedman_decor_riveting
Depths:4: grunt_zot_entry_funnels, layout_gridlike, enter_ziggurat_f,
          serial_shops, shop_scrolls, nicolae_concentric_dashed_squares_wild,
          hell_entry, ebering_ghost_xom, kennysheep_random_hallway
Hell
Dis:1:    layout_subdivisions
Dis:2:    nicolae_dis_pentagon_2, layout_subdivisions,
          nicolae_dis_metal_dragon_surprise
Dis:3:    layout_subdivisions, hangedman_dis_chains
Dis:4:    layout_subdivisions, serial_glass, glass_columns_a, glass_columns_a,
          evilmike_ambush [evilmike_ambush_outer_corners,
          evilmike_ambush_inner_pond]
Dis:5:    layout_jigsaw
Dis:6:    layout_jigsaw
Dis:7:    dis_grunt_layers
Zot:1:    layout_gridville
Zot:2:    layout_misc_corridors, hangedman_elemental_corridor
Zot:3:    hangedman_snap_crack_crunch, layout_onion, drop_trap
Zot:4:    layout_misc_corridors
Zot:5:    layout_misc_corridors, st_stairs_2

Skill      XL: |  1  2  3  4  5  6  7  8  9 10 11 12 13 14 15 16 17 18 19 20 21 22 23 24 25 26 27 |
---------------+----------------------------------------------------------------------------------+-----
Axes           | 2 3 4 5 6 7 8 9 11 12 13 14 15 17 18 | 18.0
Fighting       | 4 5 6 7 8 9 10 11 13 14 15 16 17 18 19 20 21 22 23 25 | 25.4
Armour         | 4 5 6 7 9 10 11 13 14 15 16 17 18 19 20 | 20.9
Shields        | 4 5 6 7 8 9 10 11 12 13 14 15 16 18 20 | 20.7
Evocations     | 1 5 6 8 10 | 10.0
Invocations    | 4 10 11 13 14 15 16 17 18 19 20 21 22 23 24 27 | 27.0
Throwing       | 5 8 12 21 | 21.0

Action                     |  1- 3 |  4- 6 |  7- 9 | 10-12 | 13-15 | 16-18 | 19-21 | 22-24 | 25-27 || total
---------------------------+-------+-------+-------+-------+-------+-------+-------+-------+-------++-------
  Melee: War axe           |    60 |   125 |   325 |       |       |       |       |       |       ||   510
         Unarmed           |     3 |     4 |       |       |       |       |       |       |       ||     7
         Flail             |       |       |   121 |       |       |       |       |       |       ||   121
         Broad axe         |       |       |       |   242 |   824 |  1266 |  1537 |  1236 |  2580 ||  7685
         Morningstar       |       |       |       |   269 |   773 |       |       |       |       ||  1042
         Bite              |       |       |       |       |       |       |       |       |   524 ||   524
  Throw: Boomerang         |       |       |       |       |       |       |       |       |     1 ||     1
 Invoke: Recite            |       |       |       |     4 |    12 |    45 |    19 |       |     4 ||    84
         Imprison          |       |       |       |     1 |     1 |     2 |     1 |       |       ||     5
         Vitalisation      |       |       |       |       |     1 |     1 |     1 |       |     1 ||     4
         Sanctuary         |       |       |       |       |     2 |     1 |     1 |       |     1 ||     5
         Summon Divine War |       |       |       |       |       |       |     3 |    18 |    38 ||    59
         Brand Weapon With |       |       |       |       |       |       |     1 |       |       ||     1
         Divine Shield     |       |       |       |       |       |       |       |     1 |     7 ||     8
         Cleansing Flame   |       |       |       |       |       |       |       |     5 |    13 ||    18
  Evoke: Wand              |       |       |     8 |     1 |     2 |    22 |     8 |       |     3 ||    44
         Phial of floods   |       |       |       |       |     1 |     2 |       |       |       ||     3
         Condenser vane    |       |       |       |       |       |     1 |       |       |       ||     1
         Phantom mirror    |       |       |       |       |       |       |     1 |       |       ||     1
         Lightning rod     |       |       |       |       |       |       |       |     2 |     2 ||     4
    Use: Scroll            |       |     6 |    10 |    13 |    11 |     7 |     4 |       |    30 ||    81
         Potion            |       |       |     1 |     6 |     5 |     8 |     1 |       |    35 ||    56
   Stab: Sleeping          |       |       |     1 |       |       |       |       |       |       ||     1
         Confused          |       |       |       |     1 |     5 |    17 |    14 |       |    10 ||    47
         Invisible         |       |       |       |       |     3 |     1 |     8 |       |       ||    12
         Paralysed         |       |       |       |       |     1 |       |     6 |       |       ||     7
 Armour: Scale mail        |    54 |    76 |       |       |       |       |       |       |       ||   130
         Skin              |     3 |       |       |       |       |       |       |       |       ||     3
         Chain mail        |       |     1 |    50 |    96 |       |       |       |       |       ||   147
         Robe              |       |       |   244 |       |       |       |       |       |       ||   244
         Acid dragon scale |       |       |       |   564 |       |       |       |       |       ||   564
         Plate armour      |       |       |       |    75 |  1701 |   693 |       |       |       ||  2469
         Gold dragon scale |       |       |       |       |       |   182 |   958 |   635 |  1606 ||  3381
  Dodge: Dodged            |    43 |    85 |   322 |   419 |   709 |   336 |   354 |   235 |   476 ||  2979
         Repelled          |       |       |       |       |       |    27 |    15 |    12 |    16 ||    70
  Block: Buckler           |    13 |    31 |   138 |   225 |   197 |       |       |       |       ||   604
         Kite shield       |       |       |       |       |   751 |   735 |   893 |   268 |       ||  2647
         Tower shield      |       |       |       |       |       |       |       |   543 |  2326 ||  2869
